 Dungeon Crawl Stone Soup version 0.21.0-24-g2553a33 (console) character file.

438174 removed the Wrestler (level 24, -5/228 HPs)
             Began as a Ghoul Summoner on Jan 20, 2018.
             Was the Champion of Yredelemnul.
             Killed from afar by a hellion (25 damage)
             ... with damnation
             ... in a wizard's laboratory on Jan 21, 2018.
             The game lasted 02:28:35 (48897 turns).

removed the Wrestler (Ghoul Summoner)              Turns: 48897, Time: 02:29:05

Health: -5/228     AC: 36    Str: 31 (32) XL:     24   Next: 5%
Magic:  26/32      EV: 12    Int: 10      God:    Yredelemnul [******]
Gold:   3274       SH:  4    Dex:  9      Spells: 26/26 levels left

rFire    + + .     SeeInvis .     - Unarmed
rCold    + + .     Gourm    .   p - +0 buckler {rC+ rF+}
rNeg     + + +     Faith    +   X - +10 plate armour {rF+}
rPois    ∞         Spirit   .   M - +0 helmet of Lilif {MR+ Str+3}
rElec    .         Reflect  .   H - +2 cloak {MR+}
rCorr    .         Harm     .   (no gloves)
MR       +++..                  D - +0 pair of boots of Besarauk {Regen+ Str+6}
Stlth    ..........             L - amulet of faith
HPRegen  0.00/turn              n - +3 ring of slaying
MPRegen  0.23/turn              K - +3 ring of evasion

@: rotting
A: rotting body, claws 1, carnivore, cold resistance 1, negative energy
resistance 3, inhibited regeneration, torment resistance, unbreathing
}: 2/15 runes: decaying, gossamer
a: Recall Undead Slaves, Injury Mirror, Animate Dead, Drain Life, Enslave Soul,
Renounce Religion


You were in a wizard's laboratory.
You worshipped Yredelemnul.
Yredelemnul was exalted by your worship.
You were not hungry.

You visited 9 branches of the dungeon, and saw 45 of its levels.
You also visited: Ice Cave, Volcano and Wizlab.

You collected 6308 gold pieces.
You spent 3034 gold pieces at shops.

Inventory:

Missiles
 o - 17 curare-tipped needles
 C - a throwing net (quivered)
Armour
 p - a +0 buckler of resistance (worn)
 D - the +0 pair of boots of Besarauk (worn) {Regen+ Str+6}
   (You bought it in a shop on level 2 of the Orcish Mines)

   It affects your strength (+6).
   It increases your rate of regeneration.
 H - a +2 cloak of magic resistance (worn)
 M - the +0 helmet of Lilif (worn) {MR+ Str+3}
   (You found it on level 9 of the Dungeon)

   It affects your strength (+3).
   It affects your resistance to hostile enchantments.
 N - a +1 pair of boots of flying
 X - a +10 plate armour of fire resistance (worn)
Jewellery
 d - an uncursed ring of protection from cold
 k - an uncursed ring of resist corrosion
 n - a +3 ring of slaying (left claw)
 t - an uncursed ring of fire
 u - an uncursed ring of protection from magic
 y - the amulet of Tomuired {+Blink rF++ MR+ Regen+ Dex-4}
   (You found it on level 3 of the Crypt)

   [amulet of regeneration]

   It affects your dexterity (-4).
   It greatly protects you from fire.
   It affects your resistance to hostile enchantments.
   It lets you blink.
   It increases your rate of regeneration.
 K - a +3 ring of evasion (right claw)
 L - an amulet of faith (around neck)
 U - the amulet "Raluob Facko" {RegenMP MR+}
   (You took it off a deep elf death mage on level 3 of the Elven Halls)

   [amulet of magic regeneration]

   It increases your magic regeneration.
   It affects your resistance to hostile enchantments.
Wands
 b - a wand of acid (43)
 h - a wand of paralysis (30)
 I - a wand of clouds (6)
 O - a wand of iceblast (16)
 Q - a wand of digging (48)
 Y - a wand of scattershot (2)
Scrolls
 a - 14 scrolls of identify
 f - 5 scrolls of enchant armour
 g - 2 scrolls of fog
 j - 7 scrolls of blinking
 q - 2 scrolls of torment
 v - 20 scrolls of remove curse
 x - 23 scrolls of teleportation
 G - 3 scrolls of magic mapping
 J - 6 scrolls of fear
 Z - a scroll of enchant weapon
Potions
 e - 6 potions of agility
 i - 9 potions of heal wounds
 l - 6 potions of resistance
 r - 16 potions of curing
 s - 5 potions of ambrosia
 w - a potion of brilliance
 A - 3 potions of might
 E - 3 potions of haste
 F - 8 potions of flight
 R - a potion of cancellation
 S - 5 potions of magic
 W - a potion of invisibility
Miscellaneous
 m - a lamp of fire
 V - a phantom mirror
Comestibles
 c - 73 rations


   Skills:
 + Level 21.1 Fighting
 - Level 19.2 Armour
 - Level 1.7 Dodging
 - Level 2.1 Stealth
 - Level 5.0 Shields
 - Level 26.0 Unarmed Combat
 - Level 1.7 Spellcasting
   Level 3.6 Summonings
 - Level 14.0 Invocations


You had 26 spell levels left.
You didn't know any spells.

Dungeon Overview and Level Annotations

Branches:
Dungeon (15/15)            Temple (0/1) D:4            Lair (6/6) D:8
  Swamp (4/4) Lair:3       Spider (4/4) Lair:2        Slime (0/5) Lair:5
    Orc (2/2) D:10            Elf (3/3) Orc:2        Vaults (4/5) D:13
  Crypt (3/3) Vaults:2       Tomb (0/3) Crypt:3      Depths (4/5) D:15

Altars:
Ashenzari
Cheibriados
Dithmenos
Gozag
Hepliaklqana
Kikubaaqudgha
Makhleb
Nemelex Xobeh
Okawaru
Qazlal
Sif Muna
Trog
Vehumet
Yredelemnul
Zin
The Shining One
Beogh

Shops:
D:7 (([[   D:11 **!?}   Orc:2 :}[?[   Elf:3 }=}   Depths:1 *   Depths:2 *

Portals:
Hell: Depths:1 Depths:2 Depths:3
Pandemonium: Depths:3
Ziggurat: Depths:3
Trove: Vaults:4 (show abyssal rune of Zot)

Annotations:
D:7 exclusion: downstairs
D:12 stickyfingers's ghost, journeyman MiBe
Elf:2 3 runed doors
Crypt:2 1 transporter


Innate Abilities, Weirdness & Mutations

Your body is rotting away.
You thrive on raw meat.
You are immune to poison.
You have sharp fingernails.
You are carnivorous and can eat meat at any time.
Your flesh is cold resistant. (rC+)
You are immune to negative energy. (rN+++)
You do not regenerate when monsters are visible.
You are immune to unholy pain and torment.
You can survive without breathing.


Message History

You swap places.
A hellion comes into view.
The hellion gives a hideous shriek!
The hellion gestures at you.
The sphere of damnation explodes!
The damnation engulfs you!
* * * LOW HITPOINT WARNING * * *
The damnation engulfs your monstrous demonspawn.
Your torturous black sun hits the balrug with an enchanted halberd!!
The cacodemon hits your orange demon.
The cacodemon barely misses your orange demon.
Your orange demon closely misses the balrug.
Your orange demon hits the balrug.
The balrug misses your torturous blood saint.
Something is struck by your torturous blood saint's spines.
Something closely misses your torturous blood saint.
The soul eater hits your torturous black sun but does no damage.
The hellion gestures at you.
The sphere of damnation explodes!
The damnation engulfs you!
You die...
Yredelemnul claims you as an undead slave.

#.........# ##.....##
#..##.##..###.......##
#.##...##.##.........#
#....#....##.........##
..#...#.............!#
.....32...............?#
##..#.64#V.##.........##
# ...#2646##.........#
##..4##@###.).....##
##.##..# ##.....##
...2...⌠ ###..##
.##.##..## #..# . #.
##.# #).# #. #.# ..## .
... ...# #.. .....
......


You could see a cacodemon, a balrug, a soul eater, a hellion, a friendly
monstrous demonspawn, a friendly vampire knight, a friendly torturous black sun
(berserk), a friendly torturous blood saint, a friendly orange demon and a
friendly rust devil.

Vanquished Creatures
  3 ancient liches
  A juggernaut (Depths:3)
  Sojobo (Vaults:2)
  A curse toe (Crypt:3)
  the Enchantress (Depths:3)
  A shard shrike skeleton (Crypt:2)
  4 deep elf blademasters (Elf:3)
  5 liches
  2 deep elf master archers (Elf:3)
  6 tengu reavers
  4 ancient champions
  4 fire giants
  The ghost of stickyfingers the Severer, a journeyman MiBe of Trog (Depths:2)
  5 frost giants
  3 deep elf sorcerers
  An iron dragon (Vaults:2)
  11 vault wardens
  An emperor scorpion (Spider:4)
  3 balrugs
  Aizul (Depths:3)
  2 curse skulls
  3 deep elf elementalists (Elf:3)
  7 ironheart preservers
  2 ghouls (Crypt:3)
  7 very ugly things
  A caustic shrike skeleton (Crypt:1)
  11 stone giants
  A vampire knight (Crypt:2)
  2 lorocyprocas (WizLab)
  8 deep elf demonologists (Elf:3)
  A black sun (WizLab)
  4 spark wasps
  9 deep elf annihilators
  4 ettins
  An eidolon (Crypt:2)
  8 deep elf death magi
  5 fire dragons
  8 great orbs of eyes
  A blizzard demon (WizLab)
  A merfolk impaler (Depths:2)
  5 yaktaur captains
  5 deep elf high priests (Elf:3)
  3 jiangshi
  6 ice dragons
  9 ogre magi
  A rakshasa (Vaults:2)
  2 vault guards (Vaults:1)
  12 hydras
  A spriggan air mage (Depths:3)
  2 hell beasts (WizLab)
  2 hydras (shapeshifter)
  A catoblepas (D:15)
  The ghost of emikaela the Cleaver, a novice DDCK of Makhleb (D:10)
  2 death knights
  13 centaur warriors
  An alligator (Swamp:1)
  11 dancing weapons
  A queen ant (Spider:1)
  A titan zombie (Crypt:1)
  4 tengu warriors
  A deep troll earth mage (Depths:3)
  33 two-headed ogres
  A shock serpent (Vaults:2)
  11 deep elf knights
  2 vampire magi (Crypt:1)
  3 sun demons
  The ghost of Gorglomux the Protected, a novice GrFi of the Shining One (D:8)
  A soul eater (Crypt:1)
  9 skeletal warriors
  5 hell knights
  A fire crab (Lair:6)
  6 deep trolls
  A shadow wraith (Crypt:3)
  2 spriggan druids
  A glowing orange brain (Vaults:2)
  A golden dragon zombie (Depths:3)
  2 flayed ghosts
  3 shadow demons (WizLab)
  An unseen horror (D:12)
  3 wizards
  9 swamp dragons
  8 deep elf archers
  A ghost moth zombie (Crypt:1)
  A golden dragon skeleton (Crypt:3)
  5 harpies
  2 shambling mangroves
  7 ironbrand convokers
  7 orc knights
  A lindwurm (Volcano)
  4 necromancers
  A cyclops (shapeshifter) (Vaults:4)
  6 phantasmal warriors
  3 cyclopes
  50 deep elf magi
  8 orb spiders
  24 ugly things
  A salamander (Depths:1)
  18 wolf spiders
  3 elephants (Lair:6)
  A sphinx skeleton (Depths:3)
  2 moths of wrath
  7 orc sorcerers
  2 manticores
  An eye of devastation (shapeshifter) (D:13)
  2 black mambas
  3 gargoyles
  A guardian serpent (shapeshifter) (Vaults:4)
  12 spiny frogs
  2 ice statues (IceCv)
  11 vault sentinels
  3 large abominations (Elf:1)
  A centaur skeleton (D:13)
  A torpor snail (Spider:4)
  3 smoke demons (WizLab)
  A centaur zombie (D:12)
  3 molten gargoyles
  A hellion (WizLab)
  5 rime drakes
  31 yaktaurs
  3 demonic crawlers
  A pale draconian zombie (Crypt:2)
  An efreet (D:14)
  A yaktaur (shapeshifter) (Vaults:4)
  4 freezing wraiths
  A human skeleton (Vaults:1)
  7 komodo dragons
  A hellwing (Depths:1)
  11 ice devils
  A tengu conjurer (Depths:3)
  2 tyrant leeches
  15 jumping spiders
  A merfolk (shapeshifter) (D:13)
  A wind drake (shapeshifter) (Depths:2)
  13 hornets
  4 trolls
  4 blink frogs
  A minotaur skeleton (Crypt:2)
  36 slime creatures
  A hippogriff (shapeshifter) (Vaults:2)
  8 bog bodies
  A harpy skeleton (D:15)
  7 hippogriffs
  A slime creature (shapeshifter) (Depths:3)
  A dream sheep (shapeshifter) (Vaults:1)
  A raiju (Vaults:2)
  A flying skull (Crypt:3)
  A satyr skeleton (Crypt:1)
  13 tarantellas
  27 redbacks
  3 spriggans
  3 shadows
  6 air elementals
  4 wraiths
  4 water elementals
  An ice dragon skeleton (Crypt:3)
  A human (D:7)
  3 basilisks
  3 fire bats (Volcano)
  Grum (D:11)
  2 fire elementals (Vaults:2)
  4 hogs
  7 yaks
  A neqoxec (WizLab)
  A human (shapeshifter) (Vaults:3)
  3 steam dragons
  2 hungry ghosts
  11 vampire mosquitoes
  3 wargs (Vaults:1)
  8 insubstantial wisps
  5 soldier ants (Spider:1)
  17 swamp worms
  3 acid dragons
  12 water moccasins
  4 porcupines
  A hell hound (Volcano)
  9 swamp drakes
  6 sky beasts
  18 orc warriors
  5 ice beasts
  4 black bears
  3 necrophages
  4 phantoms
  2 eyes of draining
  27 ogres
  3 boggarts (Depths:2)
  10 wolves
  11 centaurs
  19 crocodiles
  A draconian zombie (Crypt:3)
  Blork the orc (D:4)
  11 bullfrogs
  2 earth elementals
  A wyvern zombie (D:13)
  A water moccasin zombie (Crypt:2)
  A glowing shapeshifter simulacrum (Vaults:1)
  4 scorpions
  A human simulacrum (Vaults:2)
  A polar bear zombie (Crypt:1)
  14 killer bees
  A raiju skeleton (Crypt:1)
  5 wights (D:10)
  A vampire bat (Vaults:2)
  4 howler monkeys
  6 electric eels
  4 crimson imps
  6 small abominations
  3 bullfrog zombies
  7 lava snakes (Volcano)
  A quasit (D:6)
  A gnoll shaman (Orc:2)
  A jelly (D:10)
  11 orc priests
  Crazy Yiuf (D:2)
  Ijyb (D:4)
  6 hounds
  23 worker ants
  5 hell rats (Lair:6)
  3 iguanas
  23 orc wizards
  A lightning spire (Vaults:2)
  A crocodile skeleton (Crypt:1)
  A deep dwarf skeleton (Crypt:3)
  A hound zombie (D:10)
  2 worker ant zombies
  6 gnolls
  A steam dragon zombie (Crypt:1)
  12 adders
  4 shadow imps
  9 white imps (IceCv)
  4 ufetubi
  An adder skeleton (D:5)
  An adder zombie (D:8)
  4 worms
  A leopard gecko (D:11)
  52 orcs
  3 bats
  2 giant cockroaches
  7 goblins
  5 hobgoblins
  A jackal (D:2)
  7 kobolds
  3 quokkas
  A river rat zombie (Crypt:1)
  2 ball pythons
  A ball python skeleton (D:4)
  A dart slug zombie (Crypt:1)
  3 frilled lizards
  A gnoll skeleton (Crypt:2)
  2 goblin skeletons (D:6)
  3 hobgoblin zombies (D:6)
  A jackal skeleton (D:4)
  A kobold zombie (D:6)
  2 orc skeletons (D:6)
  A rat (shapeshifter) (Vaults:1)
  7 rats
  3 crawling corpses (Elf:3)
1281 creatures vanquished.

Vanquished Creatures (collateral kills)
  2 ancient liches
  Boris (twice) (Crypt:3 Depths:3)
  A bone dragon (Crypt:3)
  A tentacled monstrosity (Swamp:4)
  A lich (Crypt:2)
  Asterion (Vaults:2)
  3 thorn hunters
  2 sphinxes (Vaults:3)
  4 ancient champions
  2 tengu reavers
  3 fire giants
  3 deep elf sorcerers
  5 emperor scorpions
  3 vault wardens
  3 ghost moths (Spider:4)
  4 ironheart preservers
  5 ghouls
  2 spriggan defenders (Depths:3)
  8 stone giants
  A reaper (Crypt:2)
  A very ugly thing (Vaults:3)
  5 entropy weavers
  6 vampire knights
  A dire elephant (D:15)
  6 spark wasps
  4 eidola (Crypt:2)
  4 deep elf death magi
  4 ettins
  3 jiangshi (Crypt:2)
  2 yaktaur captains
  2 fire dragons
  3 great orbs of eyes
  8 ogre magi
  5 rakshasas
  2 ice dragons
  3 ghost crabs
  2 vault guards (Vaults:1)
  15 hydras
  4 alligators (Swamp:3)
  2 death knights
  A centaur warrior (Vaults:2)
  2 dancing weapons
  A deep troll shaman (Depths:3)
  2 deep troll earth magi (Depths:3)
  13 two-headed ogres
  7 vampire magi
  A shock serpent (Vaults:2)
  4 tengu warriors
  2 spriggan berserkers
  2 soul eaters
  10 deep elf knights
  A spriggan (Swamp:3)
  6 shadow wraiths
  9 skeletal warriors
  3 hell knights
  2 fire crabs
  An iron troll (Depths:3)
  A salamander mystic (Depths:1)
  11 deep trolls
  5 swamp dragons (Swamp:4)
  5 flayed ghosts
  2 shambling mangroves (Swamp:2)
  6 phantasmal warriors
  A tengu zombie (Depths:3)
  A glowing orange brain (Vaults:2)
  6 ironbrand convokers
  5 orc knights
  A lindwurm (Vaults:2)
  11 orb spiders
  20 deep elf magi
  6 deep elf archers
  An iron dragon zombie (Depths:3)
  3 necromancers
  4 orc sorcerers (Orc:2)
  18 ugly things
  3 harpies
  A manticore (D:15)
  A moth of wrath (Spider:4)
  A cyclops (Vaults:2)
  23 wolf spiders
  A black mamba (Lair:6)
  An elf zombie (Depths:3)
  A molten gargoyle (Vaults:2)
  5 vault sentinels
  5 spiny frogs
  A gargoyle (Vaults:2)
  A centaur skeleton (D:13)
  An orc skeleton (Vaults:1)
  A hellion (Depths:1)
  A spiny frog (shapeshifter) (Depths:2)
  19 yaktaurs
  4 freezing wraiths
  A komodo dragon (Lair:5)
  A death yak skeleton (Crypt:2)
  12 demonic crawlers
  A yaktaur (shapeshifter) (Vaults:3)
  2 trolls (D:14)
  3 meliai (Spider:2)
  A harpy zombie (D:13)
  32 jumping spiders
  A tyrant leech (Swamp:4)
  A wind drake (shapeshifter) (D:13)
  11 hornets
  A blink frog (shapeshifter) (Vaults:3)
  A moth of wrath zombie (Crypt:2)
  14 slime creatures
  4 blink frogs
  A fire giant simulacrum (Vaults:3)
  8 bog bodies
  An alligator zombie (Crypt:3)
  A raiju (Vaults:2)
  A flying skull (Spider:2)
  A vampire (Vaults:4)
  3 shadows
  14 tarantellas
  31 redbacks
  A water elemental (Depths:1)
  2 air elementals
  A hog (D:7)
  A wraith (Crypt:3)
  A basilisk (Vaults:2)
  A vampire mosquito (Swamp:4)
  A steam dragon (Volcano)
  A yak (Lair:2)
  A hungry ghost (D:13)
  15 insubstantial wisps
  2 wargs
  2 large abominations (Elf:1)
  13 soldier ants
  8 swamp worms
  An acid dragon (Lair:6)
  2 water moccasins
  A floating eye (Depths:2)
  An infernal demonspawn skeleton (Crypt:3)
  8 swamp drakes
  8 orc warriors
  A sky beast (shapeshifter) (Vaults:1)
  A black bear (shapeshifter) (Vaults:3)
  An elephant zombie (Crypt:3)
  2 small abominations (Elf:1)
  A necrophage (Crypt:3)
  13 ogres
  2 boggarts (Depths:2)
  6 centaurs
  5 crocodiles
  A centaur (shapeshifter) (Vaults:3)
  3 bullfrogs
  A wyvern zombie (D:13)
  An earth elemental (Vaults:2)
  A warg zombie (Crypt:3)
  An elf simulacrum (Vaults:1)
  A howler monkey (D:8)
  2 crimson imps
  2 lava snakes (Vaults:2)
  4 orc priests
  A hell rat (Lair:6)
  3 lightning spires (Vaults:2)
  12 orc wizards
  8 worker ants (Spider:1)
  A hound zombie (D:8)
  An adder (D:9)
  A gnoll (Orc:2)
  A leopard gecko (D:2)
  28 orcs
  6 hobgoblins
  A jackal (D:2)
  3 frilled lizards
  A goblin (D:2)
  A quokka skeleton (Crypt:3)
  A rat (D:2)
  2 briar patches (Swamp:4)
  A crawling corpse (Vaults:3)
  6 plants
727 creatures vanquished.

Vanquished Creatures (others)
  A bone dragon (Spider:4)
  An ironheart preserver (Vaults:2)
  A reaper (IceCv)
  4 ghouls
  5 vampire knights
  A stone giant (Vaults:2)
  A guardian serpent zombie (Depths:3)
  A deep elf knight (Vaults:2)
  A spark wasp zombie (Depths:3)
  8 skeletal warriors
  8 flayed ghosts
  A wizard (Vaults:2)
  3 phantasmal warriors
  An ugly thing zombie (Vaults:3)
  2 salamanders (Depths:1)
  2 centaur zombies
  A yaktaur (Vaults:4)
  5 redback zombies
  A hellwing (Depths:1)
  4 hydra zombies (Swamp:4)
  A harpy zombie (Vaults:3)
  A demonic crawler zombie (Spider:4)
  2 tarantella zombies (Spider:2)
  2 meliai zombies (Spider:2)
  9 flying skulls
  16 vampires
  4 wraiths
  2 two-headed ogre zombies
  2 orb spider zombies (Spider:4)
  8 elf zombies
  2 hornet zombies (Spider:4)
  4 swamp dragon zombies (Swamp:4)
  An ogre (Depths:3)
  A yaktaur zombie (Vaults:4)
  4 human zombies
  A soldier ant zombie (Spider:1)
  A hound (D:8)
  2 orc wizards
  A worker ant (D:8)
  4 killer bee zombies (D:7)
  6 ogre zombies
  2 mummies
  5 worker ant zombies (Spider:1)
  2 howler monkey zombies (D:8)
  3 swamp drake zombies (Swamp:4)
  An adder (D:8)
  5 white imps (IceCv)
  4 ufetubi (IceCv)
  2 ball lightnings (Vaults:2)
  An orc (Vaults:1)
  6 orc zombies
  A bush (Lair:6)
  3 crawling corpses
  12 fungi
  33 plants
206 creatures vanquished.

Grand Total: 2214 creatures vanquished

Notes
Turn   | Place    | Note
-------+----------+-------------------------------------------
     0 | D:1      | removed the Ghoul Summoner began the quest for the Orb.
     0 | D:1      | Reached XP level 1. HP: 14/14 MP: 2/2
   301 | D:1      | Reached skill level 1 in Unarmed Combat
   566 | D:1      | Reached XP level 2. HP: 20/20 MP: 1/3
   972 | D:1      | Reached skill level 2 in Unarmed Combat
  1529 | D:2      | Reached XP level 3. HP: 11/26 MP: 2/4
  1607 | D:2      | Found a runed door.
  1686 | D:2      | Reached skill level 3 in Unarmed Combat
  1985 | D:2      | Found a burning altar of Makhleb.
  1985 | D:2      | Found a basalt altar of Yredelemnul.
  2022 | D:2      | Became a worshipper of Yredelemnul the Dark
  2374 | D:3      | Reached XP level 4. HP: 33/33 MP: 3/5
  2415 | D:3      | Found a shattered altar of Ashenzari.
  2483 | D:3      | Reached skill level 4 in Unarmed Combat
  2669 | D:3      | Found an iron altar of Okawaru.
  3414 | D:4      | Found a staircase to the Ecumenical Temple.
  3434 | D:4      | Noticed a phantom
  3445 | D:4      | Killed a phantom
  3445 | D:4      | Reached skill level 5 in Unarmed Combat
  3445 | D:4      | Reached XP level 5. HP: 28/37 MP: 6/6
  3568 | D:4      | Noticed a phantom
  3589 | D:4      | Killed a phantom
  3589 | D:4      | Reached skill level 6 in Unarmed Combat
  3589 | D:4      | Reached XP level 6. HP: 37/44 MP: 7/7
  3638 | D:4      | Reached * piety under Yredelemnul
  3653 | D:4      | Reached skill level 1 in Fighting
  3723 | D:4      | Noticed Blork the orc
  3778 | D:4      | Killed Blork the orc
  3796 | D:4      | Noticed a hippogriff
  3811 | D:4      | Killed a hippogriff
  3811 | D:4      | Reached XP level 7. HP: 38/56 MP: 8/8
  3967 | D:4      | Noticed Ijyb
  3976 | D:4      | Paralysed by Ijyb for 7 turns
  4003 | D:4      | Paralysed by Ijyb for 6 turns
  4010 | D:4      | Killed Ijyb
  4017 | D:4      | Found Vebia's Antique Weapon Emporium.
  4195 | D:5      | Entered Level 5 of the Dungeon
  4229 | D:5      | Reached skill level 7 in Unarmed Combat
  4444 | D:5      | Found a hazy altar of Hepliaklqana.
  4747 | D:5      | Reached ** piety under Yredelemnul
  4747 | D:5      | Reached skill level 8 in Unarmed Combat
  4747 | D:5      | Reached XP level 8. HP: 40/61 MP: 9/9
  5118 | D:6      | Found a shadowy altar of Dithmenos.
  5189 | D:6      | Found a deep blue altar of Sif Muna.
  5350 | D:6      | Found a glowing golden altar of the Shining One.
  5520 | D:7      | Found Wiloot's Weapon Shoppe.
  5536 | D:7      | Found a glowing silver altar of Zin.
  5639 | D:7      | Noticed a hornet
  5653 | D:7      | Killed a hornet
  5653 | D:7      | Reached skill level 9 in Unarmed Combat
  5660 | D:7      | Reached skill level 5 in Fighting
  5660 | D:7      | Reached XP level 9. HP: 22/74 MP: 10/10
  5831 | D:7      | Reached *** piety under Yredelemnul
  5909 | D:7      | Reached skill level 10 in Unarmed Combat
  5965 | D:7      | Found an opulent altar of Gozag.
  5966 | D:7      | Found a sparkling altar of Nemelex Xobeh.
  6119 | D:7      | Found Plog's Weapon Emporium.
  6198 | D:7      | Found Koeblaol's Antique Armour Shop.
  6540 | D:7      | Reached skill level 5 in Armour
  6669 | D:7      | Found a snail-covered altar of Cheibriados.
  6669 | D:7      | Found a stormy altar of Qazlal.
  6799 | D:7      | Found Kianlani's Armour Boutique.
  6998 | D:7      | Noticed a moth of wrath
  7001 | D:7      | Found a bloodstained altar of Trog.
  7131 | D:8      | Noticed a two-headed ogre
  7136 | D:7      | Received a gift from Yredelemnul (4 flying skulls)
  7218 | D:8      | Found an ancient bone altar of Kikubaaqudgha.
  7219 | D:8      | Found a shattered altar of Ashenzari.
  7255 | D:8      | Reached skill level 11 in Unarmed Combat
  7257 | D:8      | Noticed Gorglomux's ghost (novice GrFi)
  7260 | D:8      | Noticed a hornet
  7269 | D:8      | Killed a hornet
  7269 | D:8      | Reached XP level 10. HP: 38/86 MP: 11/11
  7329 | D:7      | Reached skill level 1 in Invocations
  8718 | D:8      | Found a staircase to the Lair.
  9239 | D:9      | Got a shimmering leather armour
  9248 | D:9      | Reached **** piety under Yredelemnul
  9272 | D:9      | Reached skill level 12 in Unarmed Combat
  9378 | D:9      | Got an ancient helmet
  9389 | D:9      | Identified the +0 helmet of Lilif {MR+ Str+3} (You found it on level 9 of the Dungeon)
  9398 | D:9      | Found a glowing golden altar of the Shining One.
  9744 | D:9      | Received a gift from Yredelemnul (a mummy)
 10011 | D:10     | Entered Level 10 of the Dungeon
 10011 | D:10     | Noticed emikaela's ghost (novice DDCK)
 11105 | D:10     | Reached XP level 11. HP: 57/94 MP: 13/13
 11406 | D:10     | Found a staircase to the Orcish Mines.
 11523 | D:10     | Killed emikaela's ghost
 11837 | D:10     | Received a gift from Yredelemnul (a wraith)
 12061 | D:10     | Reached skill level 13 in Unarmed Combat
 12130 | D:11     | Received a gift from Yredelemnul (a mummy)
 12187 | D:11     | Found Sadynuc's Assorted Antiques.
 12321 | D:11     | Found Poodyng's Distillery.
 12337 | D:11     | Found Ezamash's Assorted Antiques.
 12338 | D:11     | Noticed a brown ugly thing
 12349 | D:11     | Killed a brown ugly thing
 12382 | D:11     | Found Jiops's Magic Scroll Shop.
 12396 | D:11     | Found Xouneluyj's Gadget Emporium.
 12413 | D:11     | Found an iron altar of Okawaru.
 12466 | D:11     | Noticed a purple ugly thing
 12473 | D:11     | Noticed a brown ugly thing
 12477 | D:11     | Killed a purple ugly thing
 12499 | D:11     | Killed a brown ugly thing
 12591 | D:11     | Noticed a cyclops
 12598 | D:11     | Killed a cyclops
 12598 | D:11     | Reached skill level 14 in Unarmed Combat
 12740 | D:11     | Noticed a cyclops
 12749 | D:11     | Killed a cyclops
 12781 | D:11     | Noticed Grum
 12797 | D:11     | Killed Grum
 13055 | D:12     | Killed an unseen horror
 13137 | D:12     | Noticed stickyfingers's ghost (journeyman MiBe)
 13740 | D:7      | Bought a +3 plate armour of fire resistance for 630 gold pieces
 13818 | Lair:1   | Entered Level 1 of the Lair of Beasts
 13830 | Lair:1   | Reached XP level 12. HP: 90/104 MP: 14/14
 13852 | Lair:1   | Reached skill level 15 in Unarmed Combat
 13991 | Lair:1   | Noticed a six-headed hydra
 14002 | Lair:1   | Killed a six-headed hydra
 14169 | Lair:2   | Found a hole to the Spider Nest.
 14196 | Lair:2   | Reached ***** piety under Yredelemnul
 14306 | Lair:2   | Received a gift from Yredelemnul (a wraith)
 14448 | Lair:2   | Reached skill level 10 in Fighting
 14752 | Lair:2   | Noticed a six-headed hydra
 14762 | Lair:2   | Killed a six-headed hydra
 15142 | Lair:3   | Noticed a four-headed hydra
 15147 | Lair:3   | Killed a four-headed hydra
 15377 | Lair:3   | Noticed an eight-headed hydra
 15385 | Lair:3   | Killed an eight-headed hydra
 16217 | Lair:3   | Reached skill level 16 in Unarmed Combat
 16217 | Lair:3   | Reached XP level 13. HP: 91/116 MP: 15/15
 16481 | Lair:3   | Found a staircase to the Swamp.
 17403 | Lair:5   | Got a glittering turquoise ring
 17405 | Lair:5   | Identified the cursed ring of Ulolaibu {rPois rC+ rN+ Str-4} (You found it on level 5 of the Lair of Beasts)
 17806 | Lair:5   | Found a staircase to the Slime Pits.
 17880 | Lair:6   | Entered Level 6 of the Lair of Beasts
 17904 | Lair:6   | Reached skill level 17 in Unarmed Combat
 18700 | Lair:6   | Reached skill level 10 in Armour
 18700 | Lair:6   | Received a gift from Yredelemnul (a vampire)
 19035 | Lair:6   | Noticed a fire dragon
 19049 | Lair:6   | Killed a fire dragon
 19049 | Lair:6   | Reached skill level 5 in Invocations
 19657 | D:2      | Noticed Crazy Yiuf
 19666 | D:2      | Paralysed by Crazy Yiuf for 3 turns
 19679 | D:2      | Killed Crazy Yiuf
 19856 | D:8      | Found an ancient bone altar of Kikubaaqudgha.
 19858 | D:8      | Found a shattered altar of Ashenzari.
 19877 | D:8      | Found a staircase to the Lair.
 20026 | D:8      | Killed Gorglomux's ghost
 20582 | D:7      | Bought a glowing cloak for 187 gold pieces
 20704 | D:11     | Bought a brown potion for 23 gold pieces
 20746 | D:11     | Bought a scroll labeled UXIORI YXUATAB for 33 gold pieces
 20746 | D:11     | Bought 2 blue potions for 59 gold pieces
 20857 | D:11     | Bought a scroll of enchant armour for 97 gold pieces
 20889 | D:13     | Received a gift from Yredelemnul (a vampire)
 21118 | D:13     | Reached XP level 14. HP: 93/124 MP: 19/19
 21291 | D:13     | Noticed a deep elf annihilator
 21292 | D:13     | Noticed a tengu reaver
 21295 | D:13     | Killed a deep elf annihilator
 21295 | D:13     | Received a gift from Yredelemnul (a wraith)
 21543 | Orc:1    | Entered Level 1 of the Orcish Mines
 21557 | Orc:1    | Found a dark tunnel.
 21561 | Orc:1    | Reached skill level 10 in Invocations
 21637 | Volcano  | Entered a volcano
 21837 | Volcano  | Found a radiant altar of Vehumet.
 21854 | Volcano  | Received a gift from Yredelemnul (a skeletal warrior)
 22024 | Orc:1    | Found a frozen archway.
 22029 | IceCv    | Entered an ice cave
 22083 | IceCv    | Received a gift from Yredelemnul (a wraith)
 22187 | IceCv    | Killed a reaper
 23343 | Orc:2    | Entered Level 2 of the Orcish Mines
 23357 | Orc:2    | Received a gift from Yredelemnul (4 flying skulls)
 23524 | Orc:2    | Found a staircase to the Elven Halls.
 23528 | Orc:2    | Reached ****** piety under Yredelemnul
 23743 | Orc:2    | Found Aguugg's Armour Boutique.
 23819 | Orc:2    | Found Eneigosy's Magic Scroll Emporium.
 23853 | Orc:2    | Received a gift from Yredelemnul (2 flying skulls)
 23863 | Orc:2    | Found an ancient bone altar of Kikubaaqudgha.
 23894 | Orc:2    | Found Kyeco's Antique Armour Shoppe.
 23944 | Orc:2    | Found a roughly hewn altar of Beogh.
 23944 | Orc:2    | Found Dewkif's Book Emporium.
 23976 | Orc:2    | Found Porchere's Gadget Shoppe.
 23993 | Orc:2    | Found a radiant altar of Vehumet.
 24296 | Orc:2    | Bought a pair of spiked boots for 313 gold pieces
 24301 | Orc:2    | Identified the cursed +0 pair of boots of Besarauk {Regen+ Str+6} (You bought it in a shop on level 2 of the Orcish Mines)
 24325 | Orc:2    | Bought a scroll of enchant armour for 112 gold pieces
 24325 | Orc:2    | Bought a scroll of enchant armour for 112 gold pieces
 24645 | D:13     | Found a gate to the Vaults.
 24771 | D:13     | Killed a tengu reaver
 24829 | D:13     | Reached skill level 1 in Shields
 24861 | D:13     | Received a gift from Yredelemnul (a vampire)
 24936 | D:13     | Noticed a tengu reaver
 24947 | D:13     | Killed a tengu reaver
 24947 | D:13     | Reached XP level 15. HP: 134/138 MP: 21/21
 25239 | D:14     | Reached skill level 5 in Shields
 25628 | D:15     | Entered Level 15 of the Dungeon
 25663 | D:15     | Received a gift from Yredelemnul (a vampire)
 25745 | D:15     | Reached skill level 18 in Unarmed Combat
 26039 | D:15     | Received a gift from Yredelemnul (a vampire knight)
 26389 | D:15     | Found a staircase to the Depths.
 26780 | D:11     | Bought a potion of haste for 110 gold pieces
 26895 | Spider:1 | Entered Level 1 of the Spider Nest
 27007 | Spider:1 | Received a gift from Yredelemnul (a ghoul)
 27117 | Spider:1 | Reached skill level 19 in Unarmed Combat
 27142 | Spider:1 | Received a gift from Yredelemnul (a ghoul)
 27189 | Spider:1 | Received a gift from Yredelemnul (a skeletal warrior)
 27189 | Spider:1 | Received a gift from Yredelemnul (a skeletal warrior)
 27189 | Spider:1 | Received a gift from Yredelemnul (a profane servitor)
 27417 | Spider:1 | Received a gift from Yredelemnul (a flayed ghost)
 27556 | Spider:1 | You fall through a shaft!
 27560 | Spider:2 | Reached XP level 16. HP: 146/146 MP: 19/22
 27577 | Spider:2 | Received a gift from Yredelemnul (a bone dragon)
 27581 | Spider:2 | Reached skill level 20 in Unarmed Combat
 27590 | Spider:2 | Received a gift from Yredelemnul (a vampire knight)
 28015 | Spider:2 | Received a gift from Yredelemnul (a vampire)
 28294 | Spider:2 | Got a slimy scythe
 28431 | Spider:3 | Received a gift from Yredelemnul (a phantasmal warrior)
 28458 | Spider:3 | Received a gift from Yredelemnul (a vampire knight)
 28938 | Spider:4 | Entered Level 4 of the Spider Nest
 28956 | Spider:4 | Received a gift from Yredelemnul (a vampire knight)
 29013 | Spider:4 | Received a gift from Yredelemnul (a skeletal warrior)
 29099 | Spider:4 | Received a gift from Yredelemnul (a bone dragon)
 29390 | Spider:4 | Received a gift from Yredelemnul (a phantasmal warrior)
 29503 | Spider:4 | Got a brightly glowing leather armour
 29573 | Spider:4 | Received a gift from Yredelemnul (a flayed ghost)
 30015 | Spider:4 | Got a gossamer rune of Zot
 30181 | Swamp:1  | Entered Level 1 of the Swamp
 30304 | Swamp:1  | Reached XP level 17. HP: 143/152 MP: 23/23
 30391 | Swamp:1  | Received a gift from Yredelemnul (a bone dragon)
 30634 | Swamp:1  | Received a gift from Yredelemnul (a flayed ghost)
 30973 | Swamp:2  | Received a gift from Yredelemnul (a skeletal warrior)
 31155 | Swamp:2  | Received a gift from Yredelemnul (a vampire)
 31384 | Swamp:2  | Received a gift from Yredelemnul (a skeletal warrior)
 31570 | Swamp:3  | Received a gift from Yredelemnul (a vampire)
 31825 | Swamp:3  | Reached skill level 15 in Fighting
 32111 | Swamp:4  | Entered Level 4 of the Swamp
 32213 | Swamp:4  | Received a gift from Yredelemnul (a ghoul)
 32236 | Swamp:4  | Received a gift from Yredelemnul (a skeletal warrior)
 32268 | Swamp:4  | Got a decaying rune of Zot
 32411 | Swamp:4  | Received a gift from Yredelemnul (a flayed ghost)
 32565 | Swamp:4  | Noticed a tentacled monstrosity
 32571 | Swamp:4  | Killed a tentacled monstrosity
 32609 | Swamp:4  | Received a gift from Yredelemnul (a ghoul)
 32771 | Swamp:4  | Identified a scroll of acquirement
 33027 | Elf:1    | Entered Level 1 of the Elven Halls
 33049 | Elf:1    | Found a radiant altar of Vehumet.
 33284 | Elf:1    | Identified the Papyrus of Execration
 33336 | Elf:1    | Reached XP level 18. HP: 156/169 MP: 24/24
 33430 | Elf:1    | Received a gift from Yredelemnul (a vampire)
 33441 | Elf:1    | Found the +4 dagger "Morg" {pain, MR+ Int+5}
 33817 | Elf:1    | Received a gift from Yredelemnul (a ghoul)
 34081 | Elf:2    | Found a runed gate.
 34081 | Elf:2    | Found a runed gate.
 34081 | Elf:2    | Found a runed gate.
 34310 | Elf:2    | Got a crude plate armour
 34311 | Elf:2    | Identified the +2 plate armour "Tyboaseh" {rPois} (You found it on level 2 of the Elven Halls)
 34616 | D:7      | Bought a transparent plate armour for 700 gold pieces
 34616 | D:7      | Identified the +2 plate armour "Nudeokex" {MR+ Dex+4} (You bought it in a shop on level 7 of the Dungeon)
 34777 | Vaults:1 | Entered Level 1 of the Vaults
 35004 | Vaults:1 | Received a gift from Yredelemnul (a skeletal warrior)
 35080 | Vaults:1 | Reached skill level 21 in Unarmed Combat
 35100 | Vaults:1 | Received a gift from Yredelemnul (a ghoul)
 35424 | Vaults:1 | Received a gift from Yredelemnul (a ghoul)
 35597 | Vaults:1 | Received a gift from Yredelemnul (a vampire)
 36076 | Vaults:2 | Reached XP level 19. HP: 179/179 MP: 23/25
 36106 | Vaults:2 | Reached skill level 22 in Unarmed Combat
 36168 | Vaults:2 | Noticed Sojobo
 36184 | Vaults:2 | Killed Sojobo
 36195 | Vaults:2 | Received a gift from Yredelemnul (a vampire)
 36347 | Vaults:2 | Received a gift from Yredelemnul (a flayed ghost)
 36392 | Vaults:2 | Identified the Almanac of Clay
 36598 | Vaults:2 | Received a gift from Yredelemnul (a phantasmal warrior)
 36680 | Vaults:2 | Reached skill level 15 in Armour
 36826 | Vaults:2 | Identified the Tome of Moulding
 36920 | Vaults:2 | Received a gift from Yredelemnul (a vampire)
 36984 | Vaults:2 | Identified the Disquisition on Lightness
 37021 | Vaults:2 | Noticed Asterion
 37033 | Vaults:2 | Killed Asterion
 37068 | Vaults:2 | Found a staircase to the Crypt.
 37068 | Vaults:2 | Found a basalt altar of Yredelemnul.
 37069 | Vaults:2 | Found an ancient bone altar of Kikubaaqudgha.
 37457 | Vaults:2 | Received a gift from Yredelemnul (a flayed ghost)
 37492 | Vaults:2 | Identified Fimeudye's Incunabulum of Heat
 37746 | Vaults:3 | Reached XP level 20. HP: 188/188 MP: 23/27
 38881 | Vaults:4 | Received a gift from Yredelemnul (a ghoul)
 39058 | Vaults:4 | Received a gift from Yredelemnul (a flayed ghost)
 39171 | Vaults:4 | Noticed Mara
 39177 | Vaults:4 | Noticed removed's illusion
 39193 | Vaults:4 | Killed Mara
 39193 | Vaults:4 | Enslaved Mara
 39201 | Vaults:4 | Noticed removed's illusion
 39468 | Vaults:4 | Found a portal to a secret trove of treasure.
 39787 | Vaults:4 | Received a gift from Yredelemnul (a vampire)
 40521 | Elf:3    | Entered Level 3 of the Elven Halls
 40607 | Elf:3    | Found Vuvu's Gadget Shoppe.
 40609 | Elf:3    | Found Caerapre's Jewellery Shop.
 40610 | Elf:3    | Found Cerir's Gadget Shoppe.
 40905 | Elf:3    | Received a gift from Yredelemnul (a skeletal warrior)
 40935 | Elf:3    | Reached XP level 21. HP: 189/200 MP: 30/30
 41122 | Elf:3    | Received a gift from Yredelemnul (a vampire)
 41374 | Elf:3    | Got a sparkling silver amulet
 41377 | Elf:3    | Got a crystal whip {elec}
 41377 | Elf:3    | Got a clouded bone ring
 41413 | Elf:3    | Identified the ring "Zalik" {rN+ Int+2} (You took it off a deep elf death mage on level 3 of the Elven Halls)
 41415 | Elf:3    | Identified the amulet "Raluob Facko" {RegenMP MR+} (You took it off a deep elf death mage on level 3 of the Elven Halls)
 41422 | Elf:3    | Got a crystal battleaxe {pain}
 41501 | Elf:3    | Got a bloodstained ring mail
 41508 | Elf:3    | Got a smoking long sword
 41513 | Elf:3    | Identified Sif Muna's Tome of Darkness and Beguiling
 41532 | Elf:3    | Identified Woprum's Volume of Bewitchment and Poison
 42083 | Elf:3    | Bought a +3 ring of slaying for 450 gold pieces
 42412 | Crypt:1  | Entered Level 1 of the Crypt
 42619 | Crypt:1  | Received a gift from Yredelemnul (a ghoul)
 43390 | Crypt:2  | Noticed an ancient lich
 43397 | Crypt:2  | Killed an ancient lich
 43405 | Crypt:2  | Noticed an ancient lich
 43414 | Crypt:2  | Killed an ancient lich
 43418 | Crypt:2  | Found a deep blue altar of Sif Muna.
 43427 | Crypt:2  | Found a transporter.
 43601 | Crypt:2  | Identified the Volume of Unstable Poisoning
 43645 | Crypt:2  | Found a transporter.
 43653 | Crypt:2  | Identified the Catalogue of Torrid Dislocation
 43667 | Crypt:2  | Reached XP level 22. HP: 179/211 MP: 31/31
 43926 | Crypt:2  | Got an ichor-stained plate armour
 43927 | Crypt:2  | Identified the +0 plate armour of the Crushed Coins {*Corrode MR+ Str+4} (You found it on level 2 of the Crypt)
 44338 | Crypt:3  | Entered Level 3 of the Crypt
 44550 | Crypt:3  | Noticed Boris
 44563 | Crypt:3  | Received a gift from Yredelemnul (a vampire)
 44568 | Crypt:3  | Killed Boris
 44587 | Crypt:3  | Noticed a curse toe
 44600 | Crypt:3  | Killed a curse toe
 44611 | Crypt:3  | Received a gift from Yredelemnul (a vampire knight)
 44736 | Crypt:3  | Noticed an ancient lich
 44736 | Crypt:3  | Noticed an ancient lich
 44747 | Crypt:3  | Killed an ancient lich
 44757 | Crypt:3  | Killed an ancient lich
 44766 | Crypt:3  | Noticed an ancient lich
 44775 | Crypt:3  | Reached skill level 23 in Unarmed Combat
 44777 | Crypt:3  | Killed an ancient lich
 44778 | Crypt:3  | Identified the Collected Works on Black Rituals
 44785 | Crypt:3  | Got a wavering platinum ring
 44787 | Crypt:3  | Identified the ring "Hasuhoom" {rC+ rN+ Int-3 Dex+4} (You found it on level 3 of the Crypt)
 44792 | Crypt:3  | Got a clouded silver amulet
 44793 | Crypt:3  | Identified the amulet of Tomuired {+Blink rF++ MR+ Regen+ Dex-4} (You found it on level 3 of the Crypt)
 44796 | Crypt:3  | Got a transparent steel ring
 44798 | Crypt:3  | Identified the ring "Ynydo" {rPois rN+} (You found it on level 3 of the Crypt)
 45068 | Crypt:3  | Found a staircase to the Tomb.
 45355 | Depths:1 | Entered Level 1 of the Depths
 45400 | Depths:1 | Received a gift from Yredelemnul (a ghoul)
 45598 | Depths:1 | Found Todit Rye's General Store.
 45606 | Depths:1 | Bought a scroll of blinking for 142 gold pieces
 45764 | Depths:1 | Found a gateway to Hell.
 46197 | Depths:2 | Noticed stickyfingers's ghost (journeyman MiBe)
 46211 | Depths:2 | Killed stickyfingers's ghost
 46386 | Depths:2 | Received a gift from Yredelemnul (a flayed ghost)
 46423 | Depths:2 | Reached skill level 24 in Unarmed Combat
 46432 | Depths:2 | Reached XP level 23. HP: 203/217 MP: 25/32
 46529 | Depths:2 | Got a bloodstained mace
 46636 | Depths:2 | Found Eliom's General Store.
 46645 | Depths:2 | Bought a scroll of fear for 66 gold pieces
 46722 | Depths:2 | Received a gift from Yredelemnul (a flayed ghost)
 47326 | Depths:3 | Received a gift from Yredelemnul (a vampire)
 47353 | Depths:3 | Noticed a juggernaut
 47354 | Depths:3 | Noticed Aizul
 47360 | Depths:3 | Killed Aizul
 47362 | Depths:3 | Killed a juggernaut
 47367 | Depths:3 | Received a gift from Yredelemnul (a vampire)
 47382 | Depths:3 | Reached skill level 25 in Unarmed Combat
 47384 | Depths:3 | Noticed Boris
 47401 | Depths:3 | Received a gift from Yredelemnul (a ghoul)
 47402 | Depths:3 | Killed Boris
 47614 | Depths:3 | Got a scorched chain mail
 47699 | Depths:3 | Noticed the Enchantress
 47728 | Depths:3 | Killed the Enchantress
 47730 | Depths:3 | Got faerie dragon scales
 47755 | Depths:3 | Identified the +3 faerie dragon scales {rCorr Str+2 Dex+2} (You took it off the Enchantress on level 3 of the Depths)
 47808 | Depths:3 | Received a gift from Yredelemnul (a vampire knight)
 47817 | Depths:3 | Your ally Aizul died
 47850 | Depths:3 | Reached skill level 26 in Unarmed Combat
 47991 | Depths:3 | Found a gateway to a ziggurat.
 48116 | Depths:3 | Found a one-way gate leading to the halls of Pandemonium.
 48309 | Depths:3 | Received a gift from Yredelemnul (a phantasmal warrior)
 48712 | Depths:4 | Found a magical portal.
 48720 | WizLab   | Entered The Hall of the Hellbinder
 48808 | WizLab   | Reached XP level 24. HP: 172/224 MP: 8/32
 48891 | WizLab   | Received a gift from Yredelemnul (a vampire knight)
 48897 | WizLab   | Killed from afar by a hellion

Skill      XL: |  1  2  3  4  5  6  7  8  9 10 11 12 13 14 15 16 17 18 19 20 21 22 23 24 |
---------------+-------------------------------------------------------------------------+-----
Unarmed Combat | 1 2 3 5 6 8 9 11 12 14 16 17 19 20 21 22 24 26 | 26.0
Fighting       | 2 5 7 8 9 11 14 17 18 19 20 21 | 21.1
Armour         | 2 4 5 6 7 9 10 13 14 16 18 19 | 19.2
Invocations    | 4 9 10 11 14 | 14.0
Shields        | 3 5 |  5.0
Dodging        | |  1.7
Stealth        | |  2.1
Spellcasting   | |  1.7
Summonings     | |  3.6

Action                   |  1- 3 |  4- 6 |  7- 9 | 10-12 | 13-15 | 16-18 | 19-21 | 22-24 || total
-------------------------+-------+-------+-------+-------+-------+-------+-------+-------++-------
Melee: Unarmed           |   127 |   120 |   426 |   756 |  1273 |  1088 |  1187 |   741 ||  5718
       Punch             |       |       |     6 |    28 |    51 |       |       |       ||    85
 Cast: Summon Small Mamm |    31 |     2 |       |       |       |       |       |       ||    33
Invok: Animate Remains   |       |     1 |       |       |       |       |       |       ||     1
       Animate Dead      |       |       |     2 |     2 |    20 |    38 |    25 |    13 ||   100
       Recall Undead Sla |       |       |       |     4 |     4 |    10 |    10 |     8 ||    36
       Drain Life        |       |       |       |       |     3 |     6 |    14 |    12 ||    35
       Enslave Soul      |       |       |       |       |       |       |     1 |     1 ||     2
Evoke: Wand              |     7 |    27 |     3 |    20 |     8 |       |     5 |     7 ||    77
       Fan of gales      |       |       |       |     1 |       |       |       |       ||     1
       Lamp of fire      |       |       |       |       |     2 |       |       |       ||     2
  Use: Scroll            |       |       |     9 |    15 |    16 |     7 |     7 |     5 ||    59
       Potion            |       |       |       |     1 |     2 |     1 |     2 |     1 ||     7
 Stab: Sleeping          |     3 |     1 |       |       |       |       |       |       ||     4
       Paralysed         |       |       |     2 |       |       |       |       |     2 ||     4
       Distracted        |       |       |       |     2 |     7 |     9 |    19 |     8 ||    45
  Eat: Chunk             |    21 |    15 |    22 |   104 |   109 |   102 |    87 |    26 ||   486
       Ration            |       |       |       |       |       |       |       |     1 ||     1
Armor: Robe              |    35 |     9 |       |       |       |       |       |       ||    44
       Chain mail        |       |    19 |   214 |   125 |       |       |       |       ||   358
       Plate armour      |       |       |       |   350 |   858 |   635 |   454 |   354 ||  2651
Dodge: Dodged            |   106 |    40 |   123 |   244 |   307 |   447 |   329 |   245 ||  1841
Block: Other             |       |       |       |    19 |   119 |       |       |       ||   138
       Reflection        |       |       |       |       |     5 |    11 |    46 |       ||    62
       Buckler           |       |       |       |       |   157 |   371 |   282 |    73 ||   883
